 Dungeon Crawl Stone Soup version 0.28.0-49-g6dfe1f597d (webtiles) character file.

Game seed: 5184257022226715730

116 Gabide the Poker (level 5, -5/41 HPs)
             Began as a Human Monk on May 12, 2022.
             Slain by Natasha (6 damage)
             ... on level 2 of the Dungeon.
             The game lasted 00:02:55 (2810 turns).

Gabide the Poker (Human Monk)                       Turns: 2810, Time: 00:02:56

Health: -5/41      AC:  2    Str: 13    XL:     5   Next: 21%
Magic:  5/5        EV: 10    Int: 10    God:
Gold:   118        SH:  0    Dex: 16    Spells: 4/4 levels left

rFire   . . .      SeeInvis .   a - +0 spear
rCold   . . .      Faith    .   (no shield)
rNeg    . . .      Spirit   .   b - +0 robe
rPois   .          Reflect  .   (no helmet)
rElec   .          Harm     .   (no cloak)
rCorr   .          Rampage  .   (no gloves)
Will    .....                   (no boots)
Stlth   ++........              (no amulet)
HPRegen 0.13/turn               (no ring)
MPRegen 0.09/turn               (no ring)

@: slowed, constricted, very slow
A: no striking features
a: no special abilities


You were on level 2 of the Dungeon.
You visited 1 branch of the dungeon, and saw 2 of its levels.

You collected 118 gold pieces.

Inventory:

Hand Weapons
 a - a +0 spear (weapon)
Armour
 b - a +0 robe (worn)
Scrolls
 c - a scroll of noise
 e - a scroll of teleportation
 f - a scroll of identify {unknown}


   Skills:
 - Level 3.0 Fighting
 + Level 5.5 Polearms
 - Level 3.0 Dodging
 - Level 2.0 Stealth


You had 4 spell levels left.
You didn't know any spells.
Your spell library was empty.

Dungeon Overview and Level Annotations

Branches:
Dungeon (2/15)

Altars:

Annotations:
D:2 Natasha


Message History

Okay, then.
A ball python comes into view.
You barely miss Natasha. Natasha casts a spell at you.
You feel yourself slow down.
You closely miss Natasha. You punch Natasha, but do no damage.
Natasha casts a spell at you.
You feel as though you will be slow longer.
You hit Natasha.
Natasha is lightly wounded.
Natasha casts a spell.
You hit Natasha.
Natasha is heavily wounded.
The ball python bites you. The ball python grabs you.
The ball python constricts you. Natasha claws you!
You hit Natasha.
Natasha is severely wounded.
The ball python bites you. The ball python constricts you.
Natasha mumbles some strange words.
The white imp gestures at you. The puff of frost hits you!
The ball python bites you but does no damage.
The ball python constricts you. Natasha closely misses you.
You hit Natasha but do no damage.
Natasha is severely wounded.
The white imp gestures at you. The puff of frost hits you!
* * * LOW HITPOINT WARNING * * *
The ball python bites you.
* * * LOW HITPOINT WARNING * * *
The ball python constricts you.
* * * LOW HITPOINT WARNING * * *
Natasha barely misses you.
You feel better. The ball python bites you.
* * * LOW HITPOINT WARNING * * *
The ball python constricts you. The white imp gestures at you.
The puff of frost hits you.
* * * LOW HITPOINT WARNING * * *
Natasha claws you.
You die...

.# ... ## .# .....
.... ..... .#.#
..... ...###. ##
#....####55.....
...#........h......
..#...#...@S......
#.....#....#....#.
#....#...# ...#
#....#..##....#
#............##
.≈.##..†.........#
#.≈###..†........#
#^≈.#............#
##
##.≈.#............#


You could see Natasha, a crimson imp (summoned), a white imp (summoned) and a
ball python.

Vanquished Creatures
  A hound (D:2)
  A gnoll (D:1)
  2 adders (D:2)
  A dart slug (D:1)
  4 ball pythons
  3 bats (D:1)
  3 endoplasms
  3 giant cockroaches
  6 goblins
  7 hobgoblins
  3 jackals (D:2)
  8 kobolds
  2 quokkas (D:1)
  4 frilled lizards
  5 rats
53 creatures vanquished.

Vanquished Creatures (others)
  7 fungi (D:2)
  13 plants
20 creatures vanquished.

Grand Total: 73 creatures vanquished

Notes
Turn   | Place    | Note
-------+----------+-------------------------------------------
     0 | D:1      | Gabide the Human Monk began the quest for the Orb.
     0 | D:1      | Reached XP level 1. HP: 18/18 MP: 1/1
   186 | D:1      | Reached XP level 2. HP: 22/24 MP: 2/2
   707 | D:1      | Reached skill level 4 in Polearms
   707 | D:1      | Reached XP level 3. HP: 12/29 MP: 3/3
  1698 | D:2      | Reached XP level 4. HP: 19/35 MP: 4/4
  2257 | D:2      | Reached skill level 5 in Polearms
  2718 | D:2      | Reached XP level 5. HP: 30/41 MP: 5/5
  2801 | D:2      | Noticed Natasha
  2809 | D:2      | HP: 2/41 [constriction (1)]
  2810 | D:2      | Slain by Natasha

Illustrated notes

Levels and vault maps discovered:
D:1:      wheals_arrival_shading, layout_loops_ring, minivault_19,
          chequers_big_river, minmay_three_crescents
D:2:      layout_basic, shapermc_ecumenical_altar_hornbeckon,
          uniq_crazy_yiuf_cottage, uniq_natasha

Skill      XL: |  1  2  3  4 |
---------------+-------------+-----
Polearms       | 4 5 |  5.5
Fighting       | |  3.0
Dodging        | |  3.0
Stealth        | |  2.0

Action                   |  1- 3 |  4- 6 || total
-------------------------+-------+-------++-------
Melee: Spear             |   127 |   109 ||   236
       Punch             |       |     2 ||     2
  Use: Potion            |     1 |     3 ||     4
       Scroll            |     1 |     1 ||     2
 Stab: Sleeping          |     6 |     3 ||     9
Armor: Robe              |     9 |    13 ||    22
Dodge: Dodged            |    41 |    46 ||    87
